 Dungeon Crawl Stone Soup version 0.21-a0-417-g0adc95b (webtiles) character file.

4 hazymike the Grave Robber (level 1, -3/13 HPs)
             Began as a Demonspawn Necromancer on Nov 3, 2017.
             Slain by a gnoll
             ... wielding a +0 flail
              (6 damage)
             ... on level 1 of the Dungeon.
             The game lasted 00:06:22 (141 turns).

hazymike the Grave Robber (Demonspawn Necromancer)   Turns: 141, Time: 00:06:23

Health: -3/13      AC:  2    Str:  8    XL:     1   Next: 58%
Magic:  0/3        EV: 12    Int: 16    God:
Gold:   0          SH:  0    Dex: 13    Spells: 2/4 levels left

rFire    . . .     SeeInvis .   h - -1 dagger (curse)
rCold    . . .     Gourm    .   (no shield)
rNeg     . . .     Faith    .   a - +0 robe
rPois    .         Spirit   .   (no helmet)
rElec    .         Reflect  .   (no cloak)
rCorr    .         Harm     .   (no gloves)
MR       .....                  (no boots)
Stlth    ++........             (no amulet)
HPRegen  0.04/turn              (no ring)
MPRegen  0.08/turn              (no ring)

@: no status effects
A: no striking features
a: no special abilities


You were on level 1 of the Dungeon.
You were not hungry.

You visited 1 branch of the dungeon, and saw 1 of its levels.

Inventory:

Hand Weapons
 h - a cursed -1 dagger (weapon)
Missiles
 e - 3 steel tomahawks (quivered)
Armour
 a - a +0 robe (worn)
Potions
 d - 3 potions of curing {unknown}
 i - a potion of heal wounds {unknown}
Books
 b - a book of Necromancy

   Spells                             Type                      Level
   a - Pain                           Necromancy                   1
   b - Animate Skeleton               Necromancy                   1
   c - Vampiric Draining              Necromancy                   3
   d - Regeneration                   Charms/Necromancy            3
   e - Animate Dead                   Necromancy                   4
   f - Control Undead                 Necromancy                   4
Comestibles
 c - a bread ration
 f - a meat ration
 g - 3 chunks of flesh


   Skills:
 - Level 1.7 Dodging
 - Level 1.7 Stealth
 - Level 2.0 Spellcasting
 + Level 4.7 Necromancy


You had 2 spell levels left.
You knew the following spells:

 Your Spells              Type           Power        Failure   Level  Hunger
a - Pain                  Necr           ###.         3%          1    #......
b - Animate Skeleton      Necr           N/A          3%          1    #......


Dungeon Overview and Level Annotations

Branches:
Dungeon (1/15)

Altars:


Message History

Aiming: Pain
Press: ? - help, Shift-Dir - straight line, f - gnoll
Aim: a gnoll, wielding a flail (chance to defeat MR: 81%)
The gnoll writhes in agony!
The gnoll hits you with a flail.
Your goblin skeleton barely misses the gnoll.
Casting: Pain
Confirm with . or Enter, or press ? or * to list all spells.
Aiming: Pain
Press: ? - help, Shift-Dir - straight line, f/p - gnoll
Aim: a gnoll, wielding a flail (moderately wounded, chance to defeat MR: 81%)
The gnoll writhes in agony!
The gnoll misses you.
Casting: Pain
Confirm with . or Enter, or press ? or * to list all spells.
Aiming: Pain
Press: ? - help, Shift-Dir - straight line, f/p - gnoll
Aim: a gnoll, wielding a flail (severely wounded, chance to defeat MR: 81%)
The gnoll writhes in agony!
Your goblin skeleton barely misses the gnoll.
The gnoll hits you with a flail.
You die...

## ############...... .
... ..........##.# #.
#.. ....###...##.#
#.###.####............
#...... ........#.##.#
#...# ##........##.#
#.###..Z# #..###)####.#
#.....%g####..# #.# #..#
#.####.@##..#.###.###.##
#......#.Z#Z.'#'.+#
##(##.####.###.###.
#.##Z#..#.'#Z.+#'.
#.##....###.###.##
#.......###.+.'.#
####.#....###.###
#.###### #<# #.# ###


You could see a gnoll and a friendly goblin skeleton.

Vanquished Creatures
  A bat (D:1)
  A goblin (D:1)
  A hobgoblin (D:1)
  A rat (D:1)
4 creatures vanquished.

Notes
Turn   | Place    | Note
-------+----------+-------------------------------------------
     0 | D:1      | hazymike the Demonspawn Necromancer began the quest for the Orb.
     0 | D:1      | Reached XP level 1. HP: 13/13 MP: 3/3
    50 | D:1      | Learned a level 1 spell: Animate Skeleton
   141 | D:1      | Slain by a gnoll

Vault maps used:
D:1:      erik_arrival_triangle_medium, st_stairs_9

Action                   || total
-------------------------++-------
Melee: Unarmed           ||     5
 Cast: Pain              ||     7
       Animate Skeleton  ||     1
Armor: Robe              ||     2
Dodge: Dodged            ||     7

Table legend:
 A = Spawn XP
 B = Non-spawn XP
 C = Spawn XP percentage of total XP
 D = Spawn monster count
 E = Non-spawn monster count
 F = Spawn count percentage of total count
 G = Total turns spent on level
                    A         B        C        D         E        F      G
               +---------+---------+-------+---------+---------+-------+---------
         Total |       0 |       7 |   0.0 |       0 |       4 |   0.0 |   141
               +---------+---------+-------+---------+---------+-------+---------
           D:1 |       0 |       7 |   0.0 |       0 |       4 |   0.0 |   141
               +---------+---------+-------+---------+---------+-------+---------
